 Dungeon Crawl Stone Soup version 0.21-a0-278-ga722497 (webtiles) character file.

7538 vishdafish the Grappler (level 10, 0/98 HPs)
             Began as a Troll Fighter on Sept 21, 2017.
             Was a Priest of Nemelex Xobeh.
             Slain by an orc warrior
             ... wielding a +0 halberd
              (23 damage)
             ... on level 9 of the Dungeon.
             The game lasted 00:15:59 (6572 turns).

vishdafish the Grappler (Troll Fighter)             Turns: 6572, Time: 00:15:59

Health: 0/98       AC: 14    Str: 26    XL:     10   Next: 96%
Magic:  13/13      EV: 10    Int:  4    God:    Nemelex Xobeh [***...]
Gold:   683        SH: 10    Dex: 12    Spells: 9/9 levels left

rFire    . . .     SeeInvis .     - Unarmed
rCold    . . .     Gourm    +   b - +0 shield
rNeg     . . .     Faith    .   a - +0 robe
rPois    +         Spirit   .   (helmet restricted)
rElec    .         Reflect  .   j - +2 cloak
rCorr    .         Harm     .   (gloves unavailable)
MR       .....                  (boots unavailable)
Stlth    +.........             (no amulet)
HPRegen  0.66/turn              i - +6 ring of protection
MPRegen  0.13/turn              m - ring of poison resistance

@: no status effects
A: unfitting armour, claws 3, fast metabolism 3, gourmand, regeneration 1,
shaggy fur 1, tough skin 2
a: Triple Draw, Renounce Religion


You were on level 9 of the Dungeon.
You worshipped Nemelex Xobeh.
Nemelex Xobeh was most pleased with you.
You were not hungry.

You visited 2 branches of the dungeon, and saw 10 of its levels.

You collected 683 gold pieces.

Inventory:

Hand Weapons
 p - a +1 hunting sling of velocity
 O - a +1 scimitar of flaming
Armour
 a - a +0 robe (worn)
 b - a +0 shield (worn)
 j - a +2 cloak (worn)
Jewellery
 i - a +6 ring of protection (left claw)
 m - a ring of poison resistance (right claw)
 C - a +3 ring of intelligence
 F - an uncursed ring of protection from cold
 R - a +3 ring of intelligence
Wands
 c - a wand of iceblast (4/15)
 h - a wand of lightning (4/15)
 w - a wand of flame (33/48)
 E - a wand of iceblast (9/15)
 T - a wand of flame (23/48)
 V - a wand of lightning (7/15)
 W - a wand of acid (5/15)
Scrolls
 f - a scroll of recharging
 l - 2 scrolls of blinking {unknown}
 q - 3 scrolls of teleportation
 r - 4 scrolls of amnesia
 s - 4 scrolls of remove curse
 t - 3 scrolls of enchant weapon {unknown}
 y - a scroll of magic mapping {unknown}
 z - a scroll of enchant armour {unknown}
 B - 2 scrolls of noise {unknown}
 G - a scroll of fear {unknown}
 M - a scroll of holy word {unknown}
 P - a scroll of fog {unknown}
Potions
 e - a potion of agility
 k - 4 potions of curing
 n - a potion of haste {unknown}
 x - a potion of mutation {unknown}
 D - 2 potions of berserk rage
 H - a potion of heal wounds {unknown}
 J - 2 potions of lignification
 K - a potion of flight {unknown}
 Q - a potion of ambrosia {unknown}
 S - 2 potions of cancellation {unknown}
Books
 v - a book of Flames

   Spells                             Type                      Level
   a - Flame Tongue                   Conjuration/Fire             1
   b - Throw Flame                    Conjuration/Fire             2
   c - Conjure Flame                  Conjuration/Fire             3
   d - Inner Flame                    Hexes/Fire                   3
   e - Sticky Flame                   Conjuration/Fire             4
   f - Fireball                       Conjuration/Fire             5
Miscellaneous
 A - a plain deck of escape {drawn: 1}
 I - a plain deck of destruction {drawn: 2}
 L - a plain deck of summoning {drawn: 5}
 N - a plain deck of summoning
 U - a plain deck of summoning
Comestibles
 d - 9 bread rations
 g - 6 fruits
 o - 6 royal jellies
 u - 5 meat rations


   Skills:
 + Level 6.1 Fighting
 * Level 7.2 Throwing
 - Level 5.0 Dodging
 - Level 5.0 Shields
 * Level 9.2 Unarmed Combat
 * Level 6.4 Invocations


You had 9 spell levels left.
You didn't know any spells.

Dungeon Overview and Level Annotations

Branches:
Dungeon (9/15)             Temple (1/1) D:6             Orc (0/2) D:9
   Lair: D:8-11

Altars:
Ashenzari
Cheibriados
Dithmenos
Elyvilon
Fedhas
Gozag
Hepliaklqana
Kikubaaqudgha
Makhleb
Nemelex Xobeh
Okawaru
Qazlal
Ru
Sif Muna
Trog
Uskayaw
Wu Jian
Xom
Zin


Innate Abilities, Weirdness & Mutations

You are too large for most types of armour.
You have claws for hands.
Your metabolism is lightning-fast.
You like to eat raw meat.
Your natural rate of healing is unusually fast.
You are covered in fur. (AC +1)
You have very tough skin. (AC +2)


Message History

Your air elemental closely misses the killer bee.
You block the killer bee's attack.
Your air elemental hits the killer bee!
What are your orders? t - Shout!
Orders for allies: a - Attack new target. p - Attack previous target. r - Retreat! s - Stop attacking. g - Guard the area. f - Follow me.
Anything else - Cancel.
Okay, then.
You closely miss the killer bee.
The killer bee is almost dead.
You block the killer bee's attack.
Your air elemental barely misses the killer bee.
You block the killer bee's attack.
Vishdafish's illusion is struck by lightning.
Your air elemental hits the killer bee!
The killer bee dies!
The orc warrior hits you from afar with a halberd!!
You die...
Your body disappears without a glow.

..#.#.##.....##.....#
......#
####.###......#.....# #
#.###......#>....#
####................#
...##......_........#
...#####'.....########
...#.............§E§§#
...#...........##†§§§#
#(##..........@#@o§§§#
...............#)#o§§#
...............§§§.§§#
..............@§####Jy..
.............§§§# ...
................. ..
................. .
................
...........


You could see an orc warrior, a jelly, a killer bee, an orc, a friendly air
elemental and the friendly vishdafish's illusion.

Vanquished Creatures
  Erolcha (D:9)
  Grinder (D:5)
  Grum (D:8)
  4 wyverns
  A warg (D:9)
  2 water moccasins
  2 ice beasts
  2 orc warriors (D:9)
  2 phantoms
  3 wolves
  7 ogres
  4 centaurs
  3 big kobolds
  2 bullfrogs
  4 scorpions
  7 killer bees
  A vampire bat (D:4)
  5 howler monkeys
  A bullfrog zombie (D:9)
  12 crimson imps
  3 jellies
  3 hounds
  9 orc priests
  6 orc wizards
  An iguana (D:9)
  Terence (D:2)
  5 worker ants
  A killer bee zombie (D:5)
  2 hound zombies (D:9)
  2 hound skeletons
  Robin (D:3)
  4 gnolls (D:7)
  7 adders
  2 shadow imps
  4 adder skeletons
  3 worms
  A dart slug (D:1)
  3 fire bats (D:4)
  5 leopard geckos
  33 orcs
  2 spectral bats (D:4)
  2 ball pythons
  12 bats
  3 bat skeletons (D:4)
  A bat zombie (D:4)
  12 giant cockroaches
  19 goblins
  8 hobgoblins
  20 jackals
  3 quokkas
  A bat simulacrum (D:4)
  5 frilled lizards
  15 kobolds
  A leopard gecko zombie (D:8)
  5 rats
270 creatures vanquished.

Vanquished Creatures (collateral kills)
  Erica (D:8)
  A kobold demonologist (D:8)
  An orc warrior (D:8)
  An ice beast (D:8)
  A centaur (D:8)
  5 big kobolds (D:8)
  3 killer bees (D:9)
  A howler monkey (D:8)
  An orc wizard (D:8)
  2 orcs (D:8)
  9 kobolds (D:8)
26 creatures vanquished.

Grand Total: 296 creatures vanquished

Notes
Turn   | Place    | Note
-------+----------+-------------------------------------------
     0 | D:1      | vishdafish the Troll Fighter began the quest for the Orb.
     0 | D:1      | Reached XP level 1. HP: 22/22 MP: 0/0
    11 | D:1      | Reached skill level 4 in Unarmed Combat
    11 | D:1      | Reached XP level 2. HP: 32/32 MP: 1/1
    24 | D:1      | You fall through a shaft!
   109 | D:2      | Noticed Terence
   125 | D:2      | Killed Terence
   125 | D:2      | Reached XP level 3. HP: 31/39 MP: 2/2
   355 | D:2      | Reached XP level 4. HP: 48/48 MP: 3/3
  1469 | D:3      | Noticed Robin
  1532 | D:3      | Killed Robin
  1532 | D:3      | Reached XP level 5. HP: 52/54 MP: 4/4
  1955 | D:4      | You fall through a shaft for 2 floors!
  1981 | D:6      | Reached skill level 1 in Throwing
  1981 | D:6      | Reached XP level 6. HP: 32/62 MP: 5/5
  2108 | D:6      | Reached skill level 5 in Unarmed Combat
  2108 | D:6      | Reached XP level 7. HP: 47/71 MP: 6/6
  2188 | D:6      | Found a staircase to the Ecumenical Temple.
  2212 | Temple   | Entered the Ecumenical Temple
  2260 | Temple   | Became a worshipper of Nemelex Xobeh the Trickster
  2297 | D:6      | Received a gift from Nemelex Xobeh
  2605 | D:5      | Entered Level 5 of the Dungeon
  2687 | D:5      | Reached skill level 1 in Invocations
  2811 | D:5      | Noticed Grinder
  2823 | D:5      | Paralysed by Grinder for 2 turns
  2833 | D:5      | Killed Grinder
  2833 | D:5      | Reached XP level 8. HP: 40/79 MP: 8/8
  2864 | D:5      | Reached skill level 6 in Unarmed Combat
  2952 | D:5      | Reached * piety under Nemelex Xobeh
  3227 | D:5      | Reached skill level 5 in Dodging
  3270 | D:5      | Found a burning altar of Makhleb.
  3620 | D:4      | Received a gift from Nemelex Xobeh
  3942 | D:7      | Reached XP level 9. HP: 87/87 MP: 10/10
  4187 | D:7      | Reached ** piety under Nemelex Xobeh
  4266 | D:7      | Reached skill level 5 in Shields
  4424 | D:7      | Reached skill level 7 in Unarmed Combat
  4436 | D:7      | Received a gift from Nemelex Xobeh
  4474 | D:7      | Reached skill level 5 in Fighting
  4745 | D:8      | Reached skill level 5 in Throwing
  4843 | D:8      | Noticed Grum
  4991 | D:8      | Killed Grum
  5244 | D:8      | Reached skill level 8 in Unarmed Combat
  5244 | D:8      | Reached XP level 10. HP: 52/96 MP: 12/12
  5309 | D:8      | Reached skill level 5 in Invocations
  5450 | D:8      | Received a gift from Nemelex Xobeh
  5468 | D:8      | Noticed Erica
  5478 | D:8      | Killed Erica
  5889 | D:9      | Found a staircase to the Orcish Mines.
  6053 | D:9      | Received a gift from Nemelex Xobeh
  6065 | D:9      | Found an opulent altar of Gozag.
  6144 | D:9      | Reached *** piety under Nemelex Xobeh
  6175 | D:9      | Reached skill level 9 in Unarmed Combat
  6376 | D:9      | Noticed Erolcha
  6387 | D:9      | Killed Erolcha
  6572 | D:9      | Slain by an orc warrior

Vault maps used:
D:1:      dpeg_arrival_windows_large_door
D:2:      uniq_terence
D:3:      first_bread, corexii_item_surrounded_by_moat, uniq_robin
D:4:      cheibrodos_greedy_goblins, hangedman_decor_riveting,
          serial_bayou_lagoon_a, goddamned_bats
D:5:      lemuel_round_altar, minivault_14, uniq_grinder
D:6:      minmay_temple_entry_butterflies, kennysheep_small_square
D:8:      special_room, uniq_grum, uniq_erica
D:9:      erik_orc_3, basic_altar, david_nohive_1, uniq_erolcha
Temple:   compressed_dpeg_triangle_lava_temple

Skill      XL: |  1  2  3  4  5  6  7  8  9 10 |
---------------+-------------------------------+-----
Fighting       | 3 4 5 6 |  6.1
Dodging        | 3 4 5 |  5.0
Shields        | 3 4 5 |  5.0
Unarmed Combat | 4 5 6 8 9 |  9.2
Throwing       | 1 2 3 4 5 7 |  7.2
Invocations    | 2 3 4 6 |  6.4

Action                   |  1- 3 |  4- 6 |  7- 9 | 10-12 || total
-------------------------+-------+-------+-------+-------++-------
Melee: Unarmed           |    55 |   160 |   427 |   221 ||   863
Evoke: Deck              |       |       |     2 |     6 ||     8
  Use: Potion            |     1 |       |     2 |       ||     3
       Scroll            |       |       |     8 |     1 ||     9
 Stab: Sleeping          |       |     3 |       |       ||     3
       Distracted        |       |       |       |     1 ||     1
  Eat: Chunk             |       |    17 |    35 |     8 ||    60
Armor: Robe              |    15 |    56 |   176 |    50 ||   297
Dodge: Dodged            |    21 |    53 |   182 |    76 ||   332
Block: Shield            |    26 |    85 |   224 |   110 ||   445

Table legend:
 A = Spawn XP
 B = Non-spawn XP
 C = Spawn XP percentage of total XP
 D = Spawn monster count
 E = Non-spawn monster count
 F = Spawn count percentage of total count
 G = Total turns spent on level
                    A         B        C        D         E        F      G
               +---------+---------+-------+---------+---------+-------+---------
         Total |       0 |   10757 |   0.0 |       0 |     296 |   0.0 |  6572
               +---------+---------+-------+---------+---------+-------+---------
           D:1 |       0 |      34 |   0.0 |       0 |      17 |   0.0 |   743
           D:2 |       0 |      90 |   0.0 |       0 |      19 |   0.0 |   417
           D:3 |       0 |     107 |   0.0 |       0 |      28 |   0.0 |   677
           D:4 |       0 |     449 |   0.0 |       0 |      41 |   0.0 |   655
           D:5 |       0 |    1384 |   0.0 |       0 |      30 |   0.0 |   752
           D:6 |       0 |     582 |   0.0 |       0 |      14 |   0.0 |   590
           D:7 |       0 |    1133 |   0.0 |       0 |      28 |   0.0 |   942
           D:8 |       0 |    3692 |   0.0 |       0 |      63 |   0.0 |   943
           D:9 |       0 |    3286 |   0.0 |       0 |      56 |   0.0 |   785
               +---------+---------+-------+---------+---------+-------+---------
